 Dungeon Crawl Stone Soup version 0.27-a0-1139-g28e009f8a6 (webtiles) character file.

Game seed: 2604954479120292037

18769 robertstho the Thaumaturge (level 12, -20/91 HPs)
             Began as a Gnoll Fire Elementalist on May 7, 2021.
             Was a Follower of Sif Muna.
             Demolished by a cane toad (24 damage)
             ... on level 1 of the Lair of Beasts.
             The game lasted 00:35:54 (19382 turns).

robertstho the Thaumaturge (GnFE)                  Turns: 19382, Time: 00:35:55

Health: -20/91     AC: 13    Str:  8    XL:     12   Next: 62%
Magic:  0/25       EV: 15    Int: 20    God:    Sif Muna [*.....]
Gold:   409        SH:  5    Dex: 12    Spells: 16/29 levels left

rFire    + . .     SeeInvis +   L - +4 flail of the Dancing Madman {flame, SInv}
rCold    + . .     Faith    .   (no shield)
rNeg     . . .     Spirit   .   H - +2 robe
rPois    +         Reflect  +   c - +1 hat
rElec    +         Harm     .   b - +0 cloak
rCorr    +         Rampage  .   (no gloves)
Will     .....                  S - +1 pair of boots
Stlth    ++++......             Q - amulet of reflection
HPRegen  0.25/turn              j - ring of wizardry
MPRegen  0.19/turn              J - +4 ring of protection

@: resistant
A: fangs 1, strong nose, distributed training
a: Renounce Religion, Channel Magic


You were on level 1 of the Lair of Beasts.
You worshipped Sif Muna.
Sif Muna was aware of your devotion.
You visited 3 branches of the dungeon, and saw 14 of its levels.
You also visited: Sewer.

You collected 704 gold pieces.
You spent 295 gold pieces at shops.

Inventory:

Hand Weapons
 e - a +0 dagger of freezing
 h - a +0 great mace
 q - a +0 dagger of draining
 K - a +0 short sword of venom
 L - the +4 flail of the Dancing Madman (weapon) {flame, SInv}
   (You bought it in a shop on level 7 of the Dungeon)

   It has been specially enchanted to burn those struck by it, causing extra
   injury to most foes and up to half again as much damage against particularly
   susceptible opponents.
   It lets you see invisible.
 O - a +3 scimitar of flaming
Missiles
 g - 4 throwing nets
 D - 3 atropa-tipped darts
 W - a curare-tipped dart
Armour
 b - a +0 cloak (worn)
 c - a +1 hat (worn)
 H - a +2 robe (worn)
 S - a +1 pair of boots (worn)
Jewellery
 j - a ring of wizardry (left hand)
 k - a +4 ring of evasion
 F - a +6 ring of strength
 J - a +4 ring of protection (right hand)
 Q - an amulet of reflection (around neck)
Wands
 s - a wand of paralysis (6)
 t - a wand of iceblast (10)
 N - a wand of polymorph (17)
 T - a wand of flame (27)
 U - a wand of mindburst (8)
 Y - a wand of acid (1)
Scrolls
 a - 2 scrolls of torment {unknown}
 d - 3 scrolls of amnesia
 l - a scroll of fog {unknown}
 o - 2 scrolls of brand weapon {unknown}
 p - 2 scrolls of acquirement {unknown}
 r - 2 scrolls of blinking {unknown}
 y - 2 scrolls of enchant weapon {unknown}
 A - 2 scrolls of vulnerability {unknown}
 E - 2 scrolls of magic mapping
 I - 3 scrolls of summoning {unknown}
 M - 2 scrolls of enchant armour {unknown}
 P - a scroll of silence {unknown}
 X - 3 scrolls of identify
Potions
 f - a potion of cancellation
 i - a potion of lignification
 m - 3 potions of flight
 n - 4 potions of haste
 u - 2 potions of might {unknown}
 v - 3 potions of attraction {unknown}
 x - 3 potions of brilliance
 z - 8 potions of curing
 G - 2 potions of mutation
 V - a potion of magic
 Z - a potion of berserk rage
Miscellaneous
 R - a condenser vane


   Skills:
 + Level 7.4 Fighting
 + Level 7.4 Short Blades
 + Level 7.4 Long Blades
 + Level 7.4 Axes
 + Level 7.4 Maces & Flails
 + Level 7.4 Polearms
 + Level 7.4 Staves
 + Level 7.4 Slings
 + Level 7.4 Bows
 + Level 7.4 Crossbows
 + Level 7.4 Throwing
 + Level 7.4 Armour
 + Level 8.8 Dodging
 + Level 8.6 Stealth
 + Level 7.4 Shields
 + Level 7.4 Unarmed Combat
 + Level 9.1 Spellcasting
 + Level 6.6 Conjurations
 + Level 6.2 Hexes
 + Level 6.2 Summonings
 + Level 6.2 Necromancy
 + Level 6.2 Translocations
 + Level 6.2 Transmutations
 + Level 8.3 Fire Magic
 + Level 6.2 Ice Magic
 + Level 6.2 Air Magic
 + Level 6.2 Earth Magic
 + Level 6.2 Poison Magic
 + Level 8.2 Invocations
 + Level 7.4 Evocations


You had 16 spell levels left.
You knew the following spells:

 Your Spells              Type           Power      Damage    Failure   Level
a - Foxfire               Conj/Fire      100%       2x1d9     1%          1
b - Conjure Flame         Conj/Fire      39%        6-21      1%          3
c - Sticky Flame          Conj/Fire      39%        2d6       1%          4
d - Fireball              Conj/Fire      19%        3d9       4%          5

Your spell library contained the following spells:

 Spells                   Type           Power      Damage    Failure   Level
 Animate Skeleton         Necr           66%        N/A       1%          1
 Apportation              Tloc           66%        N/A       1%          1
 Corona                   Hex            36%        N/A       1%          1
 Freeze                   Ice            100%       1d11      1%          1
 Summon Small Mammal      Summ           100%       N/A       1%          1
 Frozen Ramparts          Ice            66%        1d8       1%          3
 Inner Flame              Hex/Fire       38%        N/A       1%          3
 Ozocubu's Armour         Ice            33%        N/A       1%          3
 Portal Projectile        Hex/Tloc       66%        N/A       1%          3
 Spider Form              Tmut/Pois      16%        N/A       1%          3
 Hailstorm                Conj/Ice       34%        3d9       2%          4
 Iskenderun's Mystic Bla  Conj/Tloc      34%        2d8       2%          4
 Petrify                  Tmut/Erth      33%        N/A       2%          4
 Metabolic Englaciation   Hex/Ice        16%        N/A       7%          5
 Dispersal                Tloc           16%        N/A       34%         6


Dungeon Overview and Level Annotations

Branches:
Dungeon (11/15)            Temple (1/1) D:5            Lair (2/6) D:9
    Orc (0/2) D:10          Sewer (visited)
  Swamp: Lair:2-4    Shoals: Lair:2-4     Snake: Lair:2-4    Spider: Lair:2-4

Altars:
Ashenzari
Cheibriados
Dithmenos
Elyvilon
Fedhas
Gozag
Hepliaklqana
Kikubaaqudgha
Makhleb
Nemelex Xobeh
Okawaru
Qazlal
Ru
Sif Muna
Trog
Uskayaw
Vehumet
Wu Jian
Xom
Yredelemnul
Zin
The Shining One

Shops:
D:4 *   D:7 (([

Annotations:
D:3 1 runed translucent door
Lair:2 Prince Ribbit


Innate Abilities, Weirdness & Mutations

You have very sharp teeth.
Your uncanny sense of smell can sniff out nearby items.
Your experience applies equally to all skills.


Message History

The cane toad poisons you!
There is a stone staircase leading up, spattered with blood here.
You feel very sick. You block the cane toad's attack. The cane toad misses you.
You climb upwards.
You feel very sick.
There is a stone staircase leading down here.
You feel sick. You block the cane toad's attack. The cane toad stings you!!
You feel sick.
You feel sick. The cane toad stings you!
* * * LOW HITPOINT WARNING * * *
You are more poisoned.
The cane toad poisons you!
Okay, then.
You feel protected.
* * * LOW HITPOINT WARNING * * *
You feel very sick. The cane toad barely misses you. x2
You feel better. The cane toad closely misses you.
You block the cane toad's attack. The cane toad barely misses you.
The cane toad stings you.
* * * LOW HITPOINT WARNING * * *
Casting: Foxfire (safe; 1% risk of failure)
Confirm with . or Enter, or press ? or * to list all spells.
You don't have enough magic to cast this spell.
The cane toad barely misses you. You block the cane toad's attack.
Unknown command.
The cane toad stings you!!
* * * LOW HITPOINT WARNING * * *
Casting: Foxfire (safe; 1% risk of failure)
Confirm with . or Enter, or press ? or * to list all spells.
Aiming: Sticky Flame (mildly dangerous; 1% risk of failure)
Press: ? - help, Shift-Dir - straight line, f - cane toad
Aim: a cane toad (heavily wounded, 100% to hit)
The sticky flame hits the cane toad.
The cane toad is heavily wounded.
The cane toad is covered in liquid flames!
The cane toad burns!
The cane toad closely misses you. The cane toad stings you!!
You die...

#..##
#P...########..........
##.##
##.....##.##...........
#..#
####...#.............#
#.##
##......####.....###
##†# #P......## #.....#
#..# ###......###....##
#.## #.......##....#
..# #........#....# .##
#@########....# .# ##F#
##...# .# #.F# ##...#
## #..### #....# #
##.##P#######...#
#...............#
#...............# ###
##...............#
######.##
#........>.......#


You could see 2 cane toads.

Vanquished Creatures
  Gastronok (D:9)
  Harold (D:9)
  2 hydras
  Erica (D:8)
  A two-headed ogre (D:8)
  A cyclops (D:8)
  A manticore (D:8)
  A black mamba (Lair:1)
  A gargoyle (D:10)
  6 cane toads
  2 kobold demonologists
  A rime drake (Lair:2)
  A komodo dragon (Lair:1)
  4 trolls
  9 blink frogs
  A shadow (D:10)
  A yak (D:9)
  A wyvern (D:7)
  2 wargs (D:9)
  A steam dragon (D:8)
  A naga (Lair:2)
  4 acid dragons
  3 water moccasins (Lair:2)
  2 black bears
  An ice beast (D:6)
  A sky beast (D:8)
  7 orc warriors
  A hornet zombie (D:7)
  A necrophage (D:6)
  2 ogres (D:5)
  3 wolves (Lair:1)
  6 centaurs
  4 kobold brigands
  Blork the orc (D:5)
  8 bullfrogs
  2 wyvern zombies
  A gnoll sergeant (D:8)
  4 scorpions
  2 wyvern skeletons
  A water moccasin skeleton (D:5)
  2 killer bees
  A wight (D:7)
  5 howler monkeys
  9 electric eels (D:10)
  A bullfrog zombie (D:6)
  4 centaur zombies
  3 hounds
  9 orc priests
  A bullfrog skeleton (D:5)
  A centaur skeleton (D:7)
  Jessica (D:2)
  Ijyb (D:3)
  6 orc wizards
  A scorpion zombie (D:5)
  Natasha (twice) (D:3)
  An iguana (D:5)
  A hound zombie (D:4)
  Robin (D:3)
  A howler monkey zombie (D:10)
  5 gnolls
  6 adders
  A shadow imp (D:5)
  An ufetubus (D:6)
  10 worms
  5 dart slugs
  34 orcs
  9 ball pythons
  7 bats
  7 endoplasms
  7 giant cockroaches
  12 goblins
  14 hobgoblins
  6 jackals
  10 kobolds
  6 quokkas
  2 frilled lizards (Sewer)
  A goblin zombie (D:3)
  6 rats
294 creatures vanquished.

Vanquished Creatures (others)
  An ice beast (D:7)
  1254 foxfires
  8 fungi
  7 plants (Lair:2)
1270 creatures vanquished.

Grand Total: 1564 creatures vanquished

Notes
Turn   | Place    | Note
-------+----------+-------------------------------------------
     0 | D:1      | robertstho the Gnoll Fire Elementalist began the quest for
                  | the Orb.
     0 | D:1      | Reached XP level 1. HP: 13/13 MP: 6/6
   290 | D:1      | Reached XP level 2. HP: 19/19 MP: 3/7
  1449 | D:2      | Reached skill level 5 in Spellcasting
  1449 | D:2      | Reached XP level 3. HP: 25/25 MP: 4/9
  1645 | D:2      | Noticed Jessica
  1649 | D:2      | Killed Jessica
  1650 | D:2      | Reached skill level 1 in Fighting
  1650 | D:2      | Reached skill level 1 in Short Blades
  1650 | D:2      | Reached skill level 1 in Long Blades
  1650 | D:2      | Reached skill level 1 in Axes
  1650 | D:2      | Reached skill level 1 in Maces & Flails
  1650 | D:2      | Reached skill level 1 in Polearms
  1650 | D:2      | Reached skill level 1 in Staves
  1650 | D:2      | Reached skill level 1 in Slings
  1650 | D:2      | Reached skill level 1 in Bows
  1650 | D:2      | Reached skill level 1 in Crossbows
  1650 | D:2      | Reached skill level 1 in Throwing
  1650 | D:2      | Reached skill level 1 in Armour
  1650 | D:2      | Reached skill level 1 in Shields
  1650 | D:2      | Reached skill level 1 in Unarmed Combat
  1650 | D:2      | Reached skill level 1 in Invocations
  1650 | D:2      | Reached skill level 1 in Evocations
  1650 | D:2      | Reached XP level 4. HP: 32/32 MP: 6/11
  1749 | D:2      | Learned a level 3 spell: Conjure Flame
  1754 | D:2      | Learned a level 4 spell: Sticky Flame
  2198 | D:3      | Reached skill level 1 in Hexes
  2198 | D:3      | Reached skill level 1 in Summonings
  2198 | D:3      | Reached skill level 1 in Necromancy
  2198 | D:3      | Reached skill level 1 in Translocations
  2198 | D:3      | Reached skill level 1 in Transmutations
  2198 | D:3      | Reached skill level 1 in Ice Magic
  2198 | D:3      | Reached skill level 1 in Air Magic
  2198 | D:3      | Reached skill level 1 in Earth Magic
  2198 | D:3      | Reached skill level 1 in Poison Magic
  2788 | D:3      | Identified the +0 helmet of Existentialism {rPois Will+}
  2788 | D:3      | Noticed Robin
  2792 | D:3      | Killed Robin
  2793 | D:3      | Reached XP level 5. HP: 37/37 MP: 6/12
  2934 | D:3      | Noticed Natasha
  2938 | D:3      | Killed Natasha
  3082 | D:3      | Found a runed translucent door.
  3082 | D:3      | Noticed a human
  3104 | D:3      | Found a basalt altar of Yredelemnul.
  3322 | D:3      | Noticed Natasha
  3327 | D:3      | Killed Natasha
  3397 | D:3      | Noticed Ijyb
  3399 | D:3      | Paralysed by Ijyb for 2 turns
  3411 | D:3      | Paralysed by Ijyb for 3 turns
  3412 | D:3      | Killed Ijyb
  3616 | D:4      | Reached XP level 6. HP: 44/44 MP: 8/13
  3634 | D:4      | Found a glowing drain.
  3656 | Sewer    | Entered a sewer
  4726 | D:4      | Found Facaeh's General Store.
  4747 | D:4      | Reached skill level 5 in Dodging
  4883 | D:4      | Bought a potion of brilliance for 52 gold pieces
  4883 | D:4      | Bought a potion of curing for 39 gold pieces
  5080 | D:4      | Noticed a black bear
  5090 | D:4      | Killed a black bear
  5176 | D:4      | Found a glowing silver altar of Zin.
  5203 | D:4      | Reached XP level 7. HP: 50/50 MP: 10/15
  5428 | D:4      | Identified Yssaogoq's Catalogue of Mutagenic Orientation
  5662 | D:4      | Found an iron altar of Okawaru.
  5713 | D:5      | Entered Level 5 of the Dungeon
  5848 | D:5      | Reached skill level 5 in Stealth
  5983 | D:5      | Found an ancient bone altar of Kikubaaqudgha.
  6110 | D:5      | Found a staircase to the Ecumenical Temple.
  6267 | Temple   | Entered the Ecumenical Temple
  6465 | D:5      | Reached XP level 8. HP: 57/57 MP: 11/16
  6619 | D:5      | Noticed Blork the orc
  6629 | D:5      | Killed Blork the orc
  6714 | D:5      | Reached skill level 6 in Spellcasting
  6743 | D:5      | Learned a level 5 spell: Fireball
  6774 | D:5      | Found a hazy altar of Hepliaklqana.
  8385 | D:7      | Reached XP level 9. HP: 47/65 MP: 10/18
  8484 | D:7      | Found Ustry's Antique Weapon Emporium.
  9195 | D:7      | Found Uleu's Antique Weapon Emporium.
  9203 | D:7      | Bought a jewelled flail for 204 gold pieces
  9203 | D:7      | Identified the +4 flail of the Dancing Madman {flame, SInv}
                  | (You bought it in a shop on level 7 of the Dungeon)
  9474 | D:7      | Found Irizozet's Antique Armour Boutique.
  9787 | D:8      | Noticed a two-headed ogre
  9800 | D:8      | Killed a two-headed ogre
  9801 | D:8      | Reached skill level 7 in Spellcasting
  9801 | D:8      | Reached skill level 5 in Invocations
  9801 | D:8      | Reached XP level 10. HP: 17/73 MP: 8/20
 10512 | D:8      | Noticed Erica
 10522 | D:8      | Killed Erica
 10523 | D:8      | Reached skill level 5 in Fighting
 10523 | D:8      | Reached skill level 5 in Short Blades
 10523 | D:8      | Reached skill level 5 in Long Blades
 10523 | D:8      | Reached skill level 5 in Axes
 10523 | D:8      | Reached skill level 5 in Maces & Flails
 10523 | D:8      | Reached skill level 5 in Polearms
 10523 | D:8      | Reached skill level 5 in Staves
 10523 | D:8      | Reached skill level 5 in Slings
 10523 | D:8      | Reached skill level 5 in Bows
 10523 | D:8      | Reached skill level 5 in Crossbows
 10523 | D:8      | Reached skill level 5 in Throwing
 10523 | D:8      | Reached skill level 5 in Armour
 10523 | D:8      | Reached skill level 5 in Shields
 10523 | D:8      | Reached skill level 5 in Unarmed Combat
 10523 | D:8      | Reached skill level 5 in Evocations
 11254 | D:8      | Noticed a boulder beetle
 11661 | D:8      | Noticed a manticore
 11669 | D:8      | Killed a manticore
 11670 | D:8      | Reached skill level 5 in Conjurations
 11840 | D:8      | Noticed a cyclops
 11885 | D:8      | Killed a cyclops
 12291 | D:9      | Noticed a kobold demonologist
 12425 | D:9      | Noticed Harold
 12813 | D:9      | Reached XP level 11. HP: 66/81 MP: 13/22
 12892 | D:9      | Found a staircase to the Lair.
 13124 | D:9      | Found a shimmering blue altar of Sif Muna.
 13132 | D:9      | Became a worshipper of Sif Muna the Loreminder
 13525 | D:9      | Reached skill level 5 in Hexes
 13525 | D:9      | Reached skill level 5 in Summonings
 13525 | D:9      | Reached skill level 5 in Necromancy
 13525 | D:9      | Reached skill level 5 in Translocations
 13525 | D:9      | Reached skill level 5 in Transmutations
 13525 | D:9      | Reached skill level 5 in Ice Magic
 13525 | D:9      | Reached skill level 5 in Air Magic
 13525 | D:9      | Reached skill level 5 in Earth Magic
 13525 | D:9      | Reached skill level 5 in Poison Magic
 13870 | D:9      | Reached skill level 8 in Spellcasting
 14347 | D:9      | Noticed Gastronok
 14404 | D:9      | Killed Harold
 14617 | D:9      | HP: 3/81 [Gastronok/the air (28)]
 14624 | D:9      | Killed Gastronok
 15045 | D:10     | Entered Level 10 of the Dungeon
 15279 | D:10     | Found a staircase to the Orcish Mines.
 15304 | D:10     | Reached * piety under Sif Muna
 16973 | D:11     | Noticed a seven-headed hydra
 16973 | D:11     | Noticed a skeletal warrior
 16980 | D:11     | Killed a seven-headed hydra
 16981 | D:11     | Reached XP level 12. HP: 70/89 MP: 1/24
 16990 | D:11     | Noticed a five-headed hydra
 17003 | D:11     | Noticed an ogre mage
 17384 | Lair:1   | Entered Level 1 of the Lair of Beasts
 19079 | Lair:2   | Noticed a five-headed hydra
 19083 | Lair:2   | Reached skill level 9 in Spellcasting
 19090 | Lair:2   | Killed a five-headed hydra
 19103 | Lair:2   | Noticed Prince Ribbit
 19379 | Lair:1   | HP: 3/91 [cane toad (20)]
 19382 | Lair:1   | Demolished by a cane toad

Illustrated notes

Levels and vault maps discovered:
D:1:      psy_arrival_radial02, layout_loops_ring
D:2:      layout_rooms, minmay_distorted, uniq_jessica
D:3:      layout_basic, dk_yredelemnul_ordeal, uniq_robin, uniq_ijyb,
          uniq_natasha
D:4:      layout_basic, zin_academy, okawaru_altar_gauntlet_db,
          portal_sewer_entry_f, serial_shops, nicolae_shop_statue_plus,
          minmay_misc_feat_roman
D:5:      layout_basic, lemuel_round_altar, kennysheep_mini,
          minmay_temple_entry_large_hall, uniq_blork_the_orc
D:6:      layout_basic
D:7:      layout_basic, serial_shops, shop,
          nicolae_shop_competitors_out_of_business, shop_coins
D:8:      layout_cave_pods, minmay_pinched_square, uniq_erica
D:9:      layout_gridville, marbit_many_paths, erik_lair_orcish_takeover,
          minmay_fractal_squares_diagonal_5, uniq_gastronok, uniq_harold
D:10:     layout_basic, nrook_mini_vaults, st_stairs_1, solitary_fountain,
          dk_vineyard_3, kennysheep_generic_room_13
D:11:     minmay_diamond_stairs, layout_basic, minmay_fractal_squares_5
Temple:   nicolae_temple_elliptical
Lair:1:   layout_cave_pods, eino_small_chamber_without_monster
Lair:2:   layout_hall_layers, guppyfry_snake_entry_island, beast_lair_carwin_7,
          serial_bayou_shore_b, uniq_prince_ribbit2

Skill      XL: |  1  2  3  4  5  6  7  8  9 10 11 12 |
---------------+-------------------------------------+-----
Conjurations   | 2 3 4 5 6 |  6.6
Spellcasting   | 5 6 7 8 9 |  9.1
Fighting       | 1 2 3 4 5 6 7 |  7.4
Short Blades   | 1 2 3 4 5 6 7 |  7.4
Long Blades    | 1 2 3 4 5 6 7 |  7.4
Axes           | 1 2 3 4 5 6 7 |  7.4
Maces & Flails | 1 2 3 4 5 6 7 |  7.4
Polearms       | 1 2 3 4 5 6 7 |  7.4
Staves         | 1 2 3 4 5 6 7 |  7.4
Slings         | 1 2 3 4 5 6 7 |  7.4
Bows           | 1 2 3 4 5 6 7 |  7.4
Crossbows      | 1 2 3 4 5 6 7 |  7.4
Throwing       | 1 2 3 4 5 6 7 |  7.4
Armour         | 1 2 3 4 5 6 7 |  7.4
Shields        | 1 2 3 4 5 6 7 |  7.4
Unarmed Combat | 1 2 3 4 5 6 7 |  7.4
Invocations    | 1 2 3 4 5 6 7 8 |  8.2
Evocations     | 1 2 3 4 5 6 7 |  7.4
Hexes          | 1 2 3 4 5 6 |  6.2
Summonings     | 1 2 3 4 5 6 |  6.2
Necromancy     | 1 2 3 4 5 6 |  6.2
Translocations | 1 2 3 4 5 6 |  6.2
Transmutations | 1 2 3 4 5 6 |  6.2
Ice Magic      | 1 2 3 4 5 6 |  6.2
Air Magic      | 1 2 3 4 5 6 |  6.2
Earth Magic    | 1 2 3 4 5 6 |  6.2
Poison Magic   | 1 2 3 4 5 6 |  6.2
Dodging        | 5 6 7 8 |  8.8
Stealth        | 5 6 7 8 |  8.6
Fire Magic     | 6 7 8 |  8.3

Action                   |  1- 3 |  4- 6 |  7- 9 | 10-12 || total
-------------------------+-------+-------+-------+-------++-------
Melee: Dagger            |       |     3 |     3 |       ||     6
       Bite              |       |       |     1 |       ||     1
       Flail             |       |       |       |    17 ||    17
 Cast: Foxfire           |    71 |   223 |   225 |   226 ||   745
       Sticky Flame      |       |     2 |    13 |    35 ||    50
       Fireball          |       |       |       |    93 ||    93
Invok: Channel Magic     |       |       |       |     1 ||     1
Evoke: Wand              |       |       |       |     9 ||     9
       Condenser vane    |       |       |       |     1 ||     1
  Use: Scroll            |     2 |     3 |     3 |    12 ||    20
       Potion            |       |     2 |       |     7 ||     9
 Stab: Confused          |       |       |       |     1 ||     1
Armor: Robe              |     1 |     3 |    18 |    53 ||    75
Dodge: Dodged            |     8 |    16 |    42 |   152 ||   218
Block: Other             |       |       |       |    41 ||    41
       Reflection        |       |       |       |     2 ||     2

Table legend: (Time is in decaauts)
 A = Elapsed time spent in this place.
 B = Non-inter-level travel time spent in this place.
 C = Inter-level travel time spent in this place.
 D = Time resting spent in this place.
 E = Time spent auto-exploring this place.
 F = Levels seen in this place.
 G = Mean time per level.
                   A        B        C        D        E       F      G
               +--------+--------+--------+--------+--------+-----+--------+
         Total |  19576 |  19069 |    507 |   1969 |  14718 |  15 | 1305.1 |
       Dungeon |  16286 |  15878 |    408 |   1867 |  12113 |  11 | 1480.5 |
        Temple |    165 |    135 |     30 |      0 |    135 |   1 |  165.0 |
          Lair |   1998 |   1931 |     67 |      0 |   1659 |   2 |  999.0 |
         Sewer |   1124 |   1124 |      0 |    102 |    810 |   1 | 1124.0 |
               +--------+--------+--------+--------+--------+-----+--------+

Top non-repeatable levels by time:
     D:9: 2655 daAuts
     D:8: 2513 daAuts
    D:10: 2233 daAuts
     D:7: 1598 daAuts
     D:3: 1403 daAuts
     D:1: 1353 daAuts
     D:5: 1259 daAuts
  Lair:1: 1255 daAuts
     D:6: 1184 daAuts
     D:4: 1155 daAuts
   Sewer: 1124 daAuts
     D:2: 830 daAuts
  Lair:2: 743 daAuts
  Temple: 165 daAuts
    D:11: 99 daAuts
